 Dungeon Crawl Stone Soup version 0.24.0-123-gd5b16e6ec5 (webtiles) character file.

Game seed: 558982155015232190, levelgen mode: deterministic

2769 Curus the Cleaver (level 9, -5/68 HPs)
             Began as a Minotaur Gladiator on Jan 20, 2020.
             Was a Believer of Trog.
             Slain by an orc knight
             ... wielding a +0 broad axe
              (15 damage)
             ... on level 7 of the Dungeon.
             The game lasted 00:18:25 (5487 turns).

Curus the Cleaver (Minotaur Gladiator)              Turns: 5487, Time: 00:18:25

Health: -5/68      AC: 14    Str: 21    XL:     9   Next: 42%
Magic:  8/8        EV:  9    Int:  7    God:    Trog [**....]
Gold:   281        SH:  0    Dex: 13    Spells: 8/8 levels left

rFire    . . .     SeeInvis .   v - +3 flail (venom)
rCold    . . .     Gourm    .   (no shield)
rNeg     . . .     Faith    .   p - +0 chain mail
rPois    .         Spirit   .   c - +1 hat
rElec    .         Reflect  .   w - +0 cloak
rCorr    .         Harm     .   g - +1 pair of gloves
MR       .....                  (no boots)
Stlth    ..........             x - amulet of regeneration
HPRegen  0.61/turn              l - ring of stealth
MPRegen  0.11/turn              (no ring)

@: about to teleport, berserk cooldown, slowed, studying Slings, very slow
A: retaliatory headbutt, horns 2, iridescent scales 1, strong 1, MP-powered
wands
a: Berserk, Trog's Hand, Renounce Religion


You were on level 7 of the Dungeon.
You worshipped Trog.
Trog was pleased with you.
You were not hungry.

You visited 1 branch of the dungeon, and saw 7 of its levels.
You also visited: Sewer.

You collected 339 gold pieces.
You spent 58 gold pieces at shops.

Inventory:

Hand Weapons
 a - a +2 war axe
 v - a +3 flail of venom (weapon)
Missiles
 d - 3 throwing nets (quivered)
Armour
 b - a +0 leather armour
 c - a +1 hat (worn)
 e - a +0 scale mail
 g - a +1 pair of gloves (worn)
 p - a +0 chain mail (worn)
 w - a +0 cloak (worn)
Jewellery
 l - a ring of stealth (left hand)
 n - a cursed ring of teleportation
 x - an amulet of regeneration (around neck)
Wands
 r - a wand of polymorph (4)
 s - a wand of disintegration (10)
Scrolls
 h - 2 scrolls of amnesia
 i - 4 scrolls of teleportation
 o - 3 scrolls of identify
 t - 2 scrolls of remove curse
 u - a scroll of enchant weapon
Potions
 j - 2 potions of flight
 k - 3 potions of heal wounds
 m - 3 potions of curing
Books
 q - a manual of Slings
Comestibles
 f - 4 rations


   Skills:
 - Level 2.4 Fighting
 - Level 12.8(13.7) Axes
 + Level 8.8(11.9) Maces & Flails
 - Level 2.0 Throwing
 - Level 3.2 Dodging


You had 8 spell levels left.
You didn't know any spells.
Your spell library was empty.

Dungeon Overview and Level Annotations

Branches:
Dungeon (7/15)             Temple (0/1) D:6           Sewer (visited)

Altars:
Dithmenos
Kikubaaqudgha
Qazlal
Ru
Sif Muna
Trog
Uskayaw
Zin
The Shining One

Shops:
D:4 =

Annotations:
D:3 2 transporters, Alannah's ghost, amateur GrFi


Innate Abilities, Weirdness & Mutations

You reflexively headbutt those who attack you in melee.
You have a pair of horns on your head.
You are partially covered in iridescent scales. (AC +2)
Your muscles are strong. (Str +2)
You expend magic power (3 MP) to strengthen your wands.


Message History

You thump the orc priest!
You kill the orc priest!
Trog accepts your kill.
The orc warlord unwields a +1 battleaxe.
The orc warlord wields a +0 arbalest.
The orc warlord shoots a bolt.
The bolt hits you!
An orc comes into view.
The orc knight roars a battlecry!
The orc warlord goes into a battle-frenzy!
You hear a shout!
The orc knight hits you with a +0 broad axe!!
* * * LOW HITPOINT WARNING * * *
You see here a glowing trident.
There is an open door here.
As you read the scroll of teleportation, it crumbles to dust.
You feel strangely unstable.
The orc knight hits you with a +0 broad axe!
* * * LOW HITPOINT WARNING * * *
The orc knight hits you with a +0 broad axe!
You die...

###############
#.....o.oo....#+#
######(###o...#.#
...o.o[)#%#[@[.#.#
o.o.oo..#$##'###.#
....o...#$#..)...#
........+.#....).#
####################.#
..#....#........)..#.#
..'.))))...........'.#
..#..[.#...........#+#
###''''#############


You could see an orc knight, an orc warrior and an orc.

Vanquished Creatures
  An orc knight (D:7)
  Sigmund (D:6)
  4 wargs (D:7)
  Edmund (D:6)
  An orc warrior (D:7)
  2 ice beasts
  Purgy (D:4)
  A black bear (D:6)
  An ogre (D:4)
  A centaur (D:6)
  A big kobold (Sewer)
  A bullfrog (D:6)
  A scorpion (D:6)
  3 wights (D:6)
  2 howler monkeys (D:5)
  A quasit (D:6)
  A hound (D:5)
  2 orc priests (D:7)
  A jelly (D:5)
  Crazy Yiuf (D:6)
  An orc wizard (D:3)
  2 worker ants
  2 hound skeletons
  A worker ant zombie (D:5)
  5 adders
  3 gnolls (D:6)
  6 river rats
  A shadow imp (D:6)
  An ooze (D:4)
  3 worms
  3 dart slugs
  2 leopard geckos (D:1)
  16 orcs
  4 bats
  10 giant cockroaches
  5 goblins
  11 hobgoblins
  8 jackals
  A quokka (D:4)
  7 frilled lizards
  13 kobolds
  A quokka skeleton (D:6)
  A quokka zombie (D:5)
  6 rats
141 creatures vanquished.

Notes
Turn   | Place    | Note
-------+----------+-------------------------------------------
     0 | D:1      | Curus the Minotaur Gladiator began the quest for the Orb.
     0 | D:1      | Reached XP level 1. HP: 18/18 MP: 0/0
    45 | D:1      | Reached skill level 4 in Axes
    56 | D:1      | Reached XP level 2. HP: 6/25 MP: 1/1
   387 | D:1      | Reached skill level 5 in Axes
   394 | D:1      | Reached XP level 3. HP: 28/30 MP: 2/2
   930 | D:2      | Found a bloodstained altar of Trog.
   930 | D:2      | Found a shimmering blue altar of Sif Muna.
   941 | D:2      | Became a worshipper of Trog the Wrathful
  1540 | D:3      | Found a shadowy altar of Dithmenos.
  1568 | D:3      | Noticed Alannah's ghost (amateur GrFi)
  1573 | D:3      | Reached skill level 6 in Axes
  1573 | D:3      | Reached XP level 4. HP: 27/37 MP: 3/3
  1584 | D:3      | Found a transporter.
  1681 | D:3      | Found a transporter.
  1754 | D:3      | Gained mutation: You expend magic power (3 MP) to
                  | strengthen your wands. [potion of mutation]
  1754 | D:3      | Gained mutation: You are partially covered in iridescent
                  | scales. (AC +2) [potion of mutation]
  1754 | D:3      | Gained mutation: Your muscles are strong. (Str +2) [potion
                  | of mutation]
  1759 | D:3      | Found a glowing drain.
  1765 | D:3      | Reached * piety under Trog
  1767 | D:3      | Reached skill level 7 in Axes
  1767 | D:3      | Reached XP level 5. HP: 32/42 MP: 4/4
  1772 | Sewer    | Entered a sewer
  1845 | Sewer    | Reached skill level 8 in Axes
  1863 | Sewer    | Found a white marble altar of Elyvilon.
  1944 | D:3      | Found a faded altar of an unknown god.
  2108 | D:3      | Found a hide-covered altar of Uskayaw.
  2109 | D:3      | Noticed a +0 hand axe
  2109 | D:3      | Noticed a +0 hand axe
  2399 | D:4      | Noticed Purgy
  2403 | D:4      | Killed Purgy
  2403 | D:4      | Reached XP level 6. HP: 50/50 MP: 5/5
  2448 | D:4      | Found Togutepn's Jewellery Shop.
  2455 | D:4      | Noticed an ice beast
  2463 | D:4      | Killed an ice beast
  2463 | D:4      | Reached skill level 9 in Axes
  2489 | D:4      | Bought a cursed ring of teleportation for 58 gold pieces
  2941 | D:4      | Reached XP level 7. HP: 44/56 MP: 6/6
  3024 | D:4      | Found a runed translucent door.
  3025 | D:4      | Noticed Crazy Yiuf
  3059 | D:4      | Found a glowing golden altar of the Shining One.
  3110 | D:4      | Found a stormy altar of Qazlal.
  3401 | D:5      | Entered Level 5 of the Dungeon
  3405 | D:5      | Reached skill level 10 in Axes
  3884 | D:5      | Found a glowing silver altar of Zin.
  3904 | D:5      | Reached ** piety under Trog
  4356 | D:6      | Reached skill level 11 in Axes
  4373 | D:6      | Reached XP level 8. HP: 52/62 MP: 7/7
  4382 | D:6      | Noticed Sigmund
  4396 | D:6      | Killed Sigmund
  4417 | D:6      | Reached skill level 12 in Axes
  4513 | D:6      | Found a sacrificial altar of Ru.
  4618 | D:6      | Noticed Edmund
  4625 | D:6      | Killed Edmund
  4638 | D:6      | Found a staircase to the Ecumenical Temple.
  4648 | D:6      | Reached skill level 1 in Maces & Flails
  4852 | D:6      | Killed Crazy Yiuf
  4866 | D:6      | Found an ancient bone altar of Kikubaaqudgha.
  5225 | D:7      | Reached skill level 5 in Maces & Flails
  5233 | D:7      | Reached XP level 9. HP: 47/68 MP: 8/8
  5445 | D:7      | Noticed an orc knight
  5460 | D:7      | Killed an orc knight
  5477 | D:7      | Noticed an orc knight
  5478 | D:7      | Noticed an orc warlord
  5479 | D:7      | Noticed an orc knight
  5487 | D:7      | Slain by an orc knight

Levels and vault maps discovered:
D:1:      dpeg_arrival_water_temple_mockup, layout_rooms,
          wad_floor_pattern_untrapped
D:2:      layout_loops_corners, gammafunk_temple_overflow_pools, minivault_19,
          minmay_door_square
D:3:      layout_loops_ring, dancing_weapons_uskayaw,
          nicolae_dithmenos_through_a_glass_darkly, gammafunk_ghost_arena,
          portal_sewer_entry_e, chequers_ecumenical_altar_simple
D:4:      layout_loops_corners, lemuel_doored_altar, tso_altar, serial_shops,
          shop, first_ration, uniq_purgy, uniq_crazy_yiuf_cottage
D:5:      layout_gridville, kennysheep_mini_moat, minmay_manual_mail
D:6:      layout_loops_ring, kennysheep_little_box,
          lemuel_coloured_pillars_altar, minmay_temple_entry_offerings,
          uniq_sigmund, uniq_edmund
D:7:      lemuel_castle_with_subvaults [lemuel_castle_interior_carwin_1],
          layout_loops_ring, overflow_temple_1_default, glass_columns_a,
          uniq_pikel, uniq_duvessa

Skill      XL: |  1  2  3  4  5  6  7  8  9 |
---------------+----------------------------+-----
Axes           | 4 5 6 7 8 9 11 12 | 12.8
Maces & Flails | 5 8 |  8.8
Fighting       | |  2.4
Throwing       | |  2.0
Dodging        | |  3.2

Action                   |  1- 3 |  4- 6 |  7- 9 || total
-------------------------+-------+-------+-------++-------
Melee: War axe           |   100 |   119 |    84 ||   303
       Headbutt          |    19 |    25 |    27 ||    71
       Flail             |       |       |    80 ||    80
Invok: Berserk           |       |     1 |     3 ||     4
       Trog's Hand       |       |       |     1 ||     1
  Use: Scroll            |     7 |     1 |     5 ||    13
       Potion            |     3 |     4 |     2 ||     9
  Eat: Chunk             |     2 |     6 |     4 ||    12
       Ration            |       |       |     2 ||     2
Armor: Leather armour    |    21 |       |       ||    21
       Scale mail        |    31 |    57 |       ||    88
       Chain mail        |       |       |    80 ||    80
Dodge: Dodged            |    51 |    42 |    51 ||   144
